[Event "Early-Titled-Tuesday-Blitz-February-27-2024"]
[Site "Chess.com"]
[Date "2024.02.27"]
[Round "7"]
[White "GMSrinath"]
[Black "platy3"]
[Result "0-1"]
[WhiteElo "2800"]
[BlackElo "2941"]
[TimeControl "180+1"]
[EndTime "9:16:52 PST"]
[Termination "platy3 won by resignation"]

1. Nf3 Nf6 2. d4 d5 3. c4 e6 4.
Nc3 dxc4 5. e4 b5 6. e5 Nfd7 7. Nxb5 Nb6 8. Be2 Nc6 9. Be3 Be7 10. Rc1 Qd7 11. Nc3 Bb7 12. Na4 Na5 13. Nc5 Bxc5 14. dxc5 Qxd1+ 15. Bxd1 Nd5 16. Bd2 c3 17. Bxc3 Nxc3 18.
Rxc3 Bd5 19. Nd4 Rb8 20. Ra3 Nc4 21. Rxa7 O-O 22. Bb3 Bxg2 23. Rg1 Bd5 24. Bxc4 Bxc4 25. b3 Bd5 26. Rxc7 Rb4 27. Nc6 Re4+ 28. Kd2 Ra8 29. Ne7+ Kf8 30. Nxd5 Rxa2+ 31. Kd3 exd5 32. c6 Ree2 33.
Kd4 Rac2 34. Rd1 Rxf2 35. Kxd5 Rxh2 36. Rb7 g5 37. b4 g4 38. b5 g3 39. b6 Rhd2+ 40. Rxd2 Rxd2+ 41. Ke4 g2 42. c7 Rc2 43.
Rb8+ Kg7 44. Rg8+ Kxg8 45. b7 g1=Q 46. c8=Q+ Rxc8 47. bxc8=Q+ Kg7 48. Qf5 Qb1+ 49. Kf4 Qxf5+ 50. Kxf5 h6 51. e6 fxe6+ 52. Kxe6 Kg6 53. Ke5 Kg5 54. Ke4 Kg4 55. Ke3 Kg3 56. Ke2 Kg2 0-1

[Event "Early-Titled-Tuesday-Blitz-February-27-2024"]
[Site "Chess.com"]
[Date "2024.02.27"]
[Round "7"]
[White "FoggyMorning"]
[Black "Hovik_Hayrapetyan"]
[Result "1-0"]
[WhiteElo "2655"]
[BlackElo "2865"]
[TimeControl "180+1"]
[EndTime "9:16:52 PST"]
[Termination "FoggyMorning won by resignation"]

1. e4 f6 2. Nf3 c5 3. d4 cxd4 4. Nxd4 Nc6 5. Nc3 a6 6. Bc4 e6 7. a4 Qc7 8. Bb3 Nxd4 9. Qxd4 Bc5 10. Qd3 Ne7 11. O-O b6 12. Be3 Bxe3 13. Qxe3 Bb7 14.
Rad1 Bc6 15. Ne2 O-O 16. Nd4 Kh8 17. Rd2 f5 18. Nxc6 Qxc6 19. Re1 Rad8 20. Qd3 Ng6 21. exf5 Nh4 22. Re4 Nxg2 23. fxe6 Rde8 24. Kxg2 dxe6 25.
f3 Qc5 26. Qe3 Qh5 27. Rxe6 Rxe6 28. Bxe6 Qg6+ 29. Kf2 Qh5 30. h3 Qh4+ 31. Kg2 h6 32.
Rd4 Qf6 33. c3 Qg6+ 34. Kh2 Qc2+ 35. Rd2 Qxa4 36. Bd5 Qh4 37. Rd4 Qf6 38. Re4 Qd6+ 39. Re5 g5 40. Kg2 Qg6 41. Qd4 Rf6 42. Re6 Qc2+ 43.
Kg3 Kh7 44. Be4+ Qxe4 45. Qxe4+ 1-0

[Event "Early-Titled-Tuesday-Blitz-February-27-2024"]
[Site "Chess.com"]
[Date "2024.02.27"]
[Round "7"]
[White "JoliyRoger"]
[Black "Practical-Play"]
[Result "0-1"]
[WhiteElo "2430"]
[BlackElo "2587"]
[TimeControl "180+1"]
[EndTime "9:16:52 PST"]
[Termination "Practical-Play won on time"]

1. d4 d5 2. Nf3 Nf6 3. c4 e6 4.
e3 b6 5. Nc3 Bb7 6. b3 Bb4 7. Bd2 O-O 8. Bd3 Bxc3 9. Bxc3 Ne4 10. Bb2 Nd7 11. O-O c5 12. cxd5 Bxd5 13. Qc2 f5 14. Nd2 Nxd2 15. Qxd2 Qg5 16. f4 Qg6 17.
Bc4 Bxc4 18. bxc4 Nf6 19. dxc5 Ne4 20. Qd4 Rad8 21. Qe5 Rd2 22. g3 Nxg3 23. Qxg7+ Qxg7 24. Bxg7 Ne2+ 25. Kf2 Nc3+ 26. Kf3 Kxg7 27. cxb6 axb6 28. Rf2 Rfd8 29. a3 Ne4 30. Rg2+ Rxg2 31. Kxg2 Rd2+ 32. Kg1 Rb2 33. Rd1 Nc5 34. Rd6 Kf6 35. Rc6 Ke7 36. Rc7+ Nd7 37. Rc6 Rb3 38. a4 Rxe3 39. c5 bxc5 40. a5 Ra3 41. a6 c4 42. Kf1 c3 43.
Ke1 c2 44. Kd2 Ra2 45. Kc1 Nb8 46. Rc7+ Kd6 47. a7 Kxc7 0-1

[Event "Early-Titled-Tuesday-Blitz-February-27-2024"]
[Site "Chess.com"]
[Date "2024.02.27"]
[Round "7"]
[White "jraosam"]
[Black "Rawnsdale"]
[Result "1-0"]
[WhiteElo "1968"]
[BlackElo "2512"]
[TimeControl "180+1"]
[EndTime "9:16:52 PST"]
[Termination "jraosam won on time"]

1. Nf3 d5 2. c4 e6 3. e3 Nf6 4.
b3 Be7 5. Bb2 O-O 6. Be2 Nbd7 7.
O-O b6 8. Ne5 Bb7 9. Nxd7 Nxd7 10.
cxd5 exd5 11. d4 Bf6 12. Nd2 c5 13. Nf3 Re8 14. Qd2 Rc8 15. Rac1 Nf8 16. Rfd1 Ne6 17.
Bb5 Re7 18. dxc5 Bxb2 19. Qxb2 bxc5 20. Be2 Qb6 21. Qd2 h6 22. h3 Rec7 23. Rb1 a5 24.
Ne5 Qa7 25. Bb5 c4 26. Bd7 c3 27. Qc2 Rxd7 28. Nxd7 d4 29. Rbc1 dxe3 30. fxe3 Qxe3+ 31. Qf2 Qg5 32. Nb6 Nf4 33. Kh2 Re8 34. Re1 Rxe1 35. Rxe1 Nxg2 36. Re8+ Kh7 37. Qxf7 Nf4 38. Qxb7 c2 39.
Qe4+ Qg6 40. Qxg6+ Kxg6 41. Rc8 Nd3 42. Rxc2 1-0

[Event "Early-Titled-Tuesday-Blitz-February-27-2024"]
[Site "Chess.com"]
[Date "2024.02.27"]
[Round "7"]
[White "DamianoLew95"]
[Black "shimastream"]
[Result "1-0"]
[WhiteElo "2691"]
[BlackElo "2941"]
[TimeControl "180+1"]
[EndTime "9:16:53 PST"]
[Termination "DamianoLew95 won on time"]

1. e4 d5 2. exd5 Qxd5 3. Nc3 Qe5+ 4. Be2 Bg4 5. d4 Bxe2 6. Ngxe2 Qa5 7. O-O Nf6 8. b4 Qh5 9. d5 e6 10. dxe6 Bxb4 11.
Rb1 Nc6 12. exf7+ Qxf7 13. Qd3 O-O 14. Qb5 Bd6 15. Ng3 Rab8 16. Bg5 a6 17. Qa4 Nd7 18. Qh4 Nc5 19. Nce4 Nxe4 20. Nxe4 Qxa2 21. Nxd6 cxd6 22. Qe4 Rbe8 23. Qd3 Rf7 24. Be3 Ne5 25. Qc3 Qc4 26. Qd2 Qc7 27. Bb6 Qc6 28. Rfe1 Ref8 29. Bd4 Nc4 30.
Qd3 b5 31. h3 Qd5 32. Re4 Qf5 33. Rbe1 h6 34. Qg3 Kh7 35. Rg4 Rg8 36. Qh4 a5 37.
Re8 g5 38. Rxg8 Kxg8 39. Qxh6 1-0

[Event "Early-Titled-Tuesday-Blitz-February-27-2024"]
[Site "Chess.com"]
[Date "2024.02.27"]
[Round "7"]
[White "Vse_po_kaify"]
[Black "Manukyan_Artak"]
[Result "1-0"]
[WhiteElo "2215"]
[BlackElo "2472"]
[TimeControl "180+1"]
[EndTime "9:16:55 PST"]
[Termination "Vse_po_kaify won by resignation"]

1. e4 c6 2. c4 e5 3. Nc3 d6 4.
g3 h5 5. h3 h4 6. g4 g5 7. d4 f6 8. dxe5 dxe5 9. Qc2 Be6 10. Be3 Nd7 11. O-O-O Qa5 12. Nf3 Bc5 13. Nd2 Bxe3 14.
fxe3 O-O-O 15. Nb3 Qb6 16. Rd3 Ne7 17. Be2 Nc5 18.
Nxc5 Qxc5 19. Na4 Qa5 20. Rhd1 Rxd3 21. Rxd3 Rd8 22. Rxd8+ Kxd8 23. Qd2+ Qxd2+ 24. Kxd2 b6 25. c5 b5 26. Nc3 b4 27. Nd1 Bxa2 28. Kc2 Be6 29.
b3 Ng6 30. Bc4 Nf8 31. Nb2 Bxc4 32. bxc4 Ne6 33. Nd3 a5 34. Kb3 Kc7 35. Ka4 Kb7 36. Kxa5 b3 37. Kb4 Ka6 38. Kxb3 Ka5 39. Ka3 Nd8 40.
Nb4 Ne6 41. Nxc6+ Ka6 42. Kb4 Kb7 43. Na5+ Kc7 44. Kb5 Nd8 45. c6 Nf7 46. c5 Nd8 47.
Kb4 Ne6 48. Kc4 Nd8 49. Kd5 Kc8 50. Kd6 f5 51. exf5 e4 52. f6 Nf7+ 53. Ke6 Nh6 54.
Nb3 Nxg4 55. f7 1-0

[Event "Early-Titled-Tuesday-Blitz-February-27-2024"]
[Site "Chess.com"]
[Date "2024.02.27"]
[Round "7"]
[White "ACollins05"]
[Black "kuba2006"]
[Result "0-1"]
[WhiteElo "2580"]
[BlackElo "2484"]
[TimeControl "180+1"]
[EndTime "9:16:56 PST"]
[Termination "kuba2006 won by resignation"]

1. d4 Nf6 2. c4 e6 3. Nf3 b6 4. g3 Bb7 5. Bg2 Bb4+ 6. Nbd2 O-O 7. O-O d5 8. Ne5 Nbd7 9. cxd5 Nxe5 10. dxe5 Nxd5 11.
Nc4 b5 12. Ne3 Nxe3 13. Bxe3 Bxg2 14. Kxg2 Qc8 15. Qb3 Qb7+ 16. f3 Be7 17. Rac1 Rfd8 18. Rfd1 h6 19. a4 a6 20. Kf2 Bf8 21. Rxd8 Rxd8 22.
Bc5 Bxc5+ 23. Rxc5 Qb6 24. Qe3 bxa4 25. Rc2 Rb8 26.
Qxb6 cxb6 27. Ke3 Kf8 28. Kd4 Ke8 29. Rc7 a5 30. Ra7 Rc8 31. Kd3 Rc5 32. f4 Rb5 33. Kc3 Rb3+ 34. Kc2 Re3 35. Kd2 a3 36. bxa3 Rxa3 37.
Rb7 Rb3 38. e4 a4 39. f5 exf5 40. exf5 a3 41. f6 gxf6 42. exf6 b5 43. Re7+ Kd8 44. Rxf7 Rb2+ 45. Kc3 b4+ 46. Kc4 a2 47. Ra7 Ke8 48. h4 b3 49. Kd5 Rb1 50. Re7+ Kf8 51. Ra7 a1=Q 52. Rxa1 Rxa1 0-1

[Event "Early-Titled-Tuesday-Blitz-February-27-2024"]
[Site "Chess.com"]
[Date "2024.02.27"]
[Round "7"]
[White "Al_Shima"]
[Black "GatoRojo150"]
[Result "1/2-1/2"]
[WhiteElo "2420"]
[BlackElo "2570"]
[TimeControl "180+1"]
[EndTime "9:16:56 PST"]
[Termination "Game drawn by repetition"]

1. e4 e5 2. Bc4 Nf6 3. d4 exd4 4. Nf3 Nc6 5. O-O Nxe4 6. Re1 d5 7.
Bxd5 Qxd5 8. Nc3 Qd8 9. Rxe4+ Be7 10. Nxd4 f5 11. Rf4 O-O 12. Nxc6 Qxd1+ 13. Nxd1 bxc6 14.
Rc4 c5 15. Nc3 Be6 16. Ra4 Bf6 17. Be3 Rfb8 18. Bc1 Rb4 19. Ra5 Bd4 20. Ne2 Rc4 21. c3 Bf6 22. Be3 Be7 23. f3 g5 24. g3 f4 25.
gxf4 gxf4 26. Nxf4 Bf7 27. b3 Rxc3 28. Kf2 Rc2+ 29.
Ne2 Re8 30. Rc1 Rxc1 31. Bxc1 c4 32. Bf4 cxb3 33. axb3 Bxb3 34. Bxc7 Rc8 35. Be5 Bc5+ 36. Bd4 Bb4 37. Rxa7 Rc4 38. Rb7 Bd1 39. Rb8+ Kf7 40. Rb7+ Ke6 41. Rb6+ Kd5 42. Rb5+ Kc6 43. Rb6+ Kc7 44.
Rh6 Rc2 45. Rxh7+ Kd6 46. Rh6+ Kd5 47. Rh5+ Kd6 48. Rh6+ Kd5 49. Rh5+ Kd6 50. Rh6+ 1/2-1/2

[Event "Early-Titled-Tuesday-Blitz-February-27-2024"]
[Site "Chess.com"]
[Date "2024.02.27"]
[Round "7"]
[White "VinzentSpitzl"]
[Black "dpopadic"]
[Result "1-0"]
[WhiteElo "2521"]
[BlackElo "2346"]
[TimeControl "180+1"]
[EndTime "9:16:56 PST"]
[Termination "VinzentSpitzl won by checkmate"]

1. e4 c5 2. Nf3 Nc6 3. d4 cxd4 4. Nxd4 Nf6 5. Nc3 e5 6. Ndb5 d6 7. Bg5 a6 8. Na3 b5 9. Nd5 Be7 10. Bxf6 Bxf6 11. c4 b4 12. Nc2 O-O 13. h4 Rb8 14. b3 a5 15. g3 Be6 16. Bh3 g6 17. h5 Bxd5 18. Qxd5 Ne7 19. Qd3 Qc7 20. Ne3 Bg7 21. hxg6 hxg6 22. Kf1 Nc6 23. Nd5 Qa7 24. Kg2 Nd4 25.
Bg4 a4 26. Qd2 Qb7 27. Qg5 Rfd8 28. f3 Ra8 29. Nf6+ Kf8 30. Rh7 axb3 31. Rah1 Ne6 32. Bxe6 Rxa2+ 33. Kh3 fxe6 34. Qxg6 Qf7 35. Qxf7+ Kxf7 36.
Nh5 Rg8 37. Rb1 b2 38. Kg4 Kg6 39. Rxg7+ Rxg7 40. Nxg7 Kxg7 41. Kg5 Kf7 42. Kh6 Kf6 43. g4 Kf7 44. g5 Ra8 45. g6+ Kf6 46. g7 Ra1 47. g8=Q Rxb1 48. Qf8# 1-0

[Event "Early-Titled-Tuesday-Blitz-February-27-2024"]
[Site "Chess.com"]
[Date "2024.02.27"]
[Round "7"]
[White "FontVella8"]
[Black "JERO-8914"]
[Result "1/2-1/2"]
[WhiteElo "2706"]
[BlackElo "2477"]
[TimeControl "180+1"]
[EndTime "9:16:57 PST"]
[Termination "Game drawn by repetition"]

1. e4 c6 2. d4 d5 3. Nc3 dxe4 4. Nxe4 Nd7 5. Nf3 Ngf6 6. Ng3 e6 7. c3 Bd6 8. Bd3 O-O 9. O-O b6 10. a4 a5 11. Re1 Bb7 12. Ng5 h6 13. N5e4 Be7 14.
Qf3 Qc8 15. Nh5 Nxh5 16. Qxh5 f5 17. Qg6 fxe4 18. Qxe6+ Rf7 19. Bc4 Qe8 20. Rxe4 Ba6 21.
Ba2 Kf8 22. Bxh6 Nf6 23. Re5 gxh6 24. Rae1 Ra7 25. Qh3 Ng8 26. R1e3 Qc8 27. Qh5 Bd6 28. Re8+ Qxe8 29. Rxe8+ Kxe8 30. Bxf7+ Rxf7 31. Qg6 Nf6 32. Qxh6 Re7 33. f3 c5 34. Qxf6 Kd7 35. Qf5+ Kc7 36.
g4 Bc8 37. Qf6 Ba6 38. Kf2 Re2+ 39. Kg1 Rxb2 40. h4 Rb1+ 41. Kf2 cxd4 42. cxd4 Rb2+ 43. Kg1 Rb1+ 44. Kg2 Rb2+ 45. Kg1 Rb1+ 46. Kg2 Bf1+ 47. Kf2 Bc4 48. Qg7+ Kc6 49. d5+ Bxd5 50. h5 Bc5+ 51. Kg3 Rf1 52. h6 Rxf3+ 53. Kh4 Bf2+ 54. Kg5 Be3+ 55. Kh4 Bf2+ 56. Kg5 Be3+ 57. Kh4 Bf2+ 1/2-1/2

[Event "Early-Titled-Tuesday-Blitz-February-27-2024"]
[Site "Chess.com"]
[Date "2024.02.27"]
[Round "7"]
[White "jcmesafischer"]
[Black "santosalberto1987"]
[Result "1-0"]
[WhiteElo "2385"]
[BlackElo "2543"]
[TimeControl "180+1"]
[EndTime "9:16:57 PST"]
[Termination "jcmesafischer won by resignation"]

1. e4 e6 2. Qe2 c5 3. Nf3 Nc6 4. g3 g6 5. Bg2 Bg7 6. c3 Nge7 7. O-O O-O 8. Na3 Rb8 9. h4 d6 10.
Nc2 b5 11. d4 cxd4 12. cxd4 d5 13. e5 b4 14. b3 Qb6 15. Bg5 Ba6 16. Qd2 Bxf1 17.
Bxf1 Rfc8 18. h5 Nf5 19. g4 Nfe7 20. Rd1 Rb7 21. Qf4 Nd8 22. Ne3 Rbc7 23. Bf6 h6 24. g5 Nf5 25. Nxf5 exf5 26. hxg6 fxg6 27. Bxg7 Kxg7 28. gxh6+ Kh8 29. e6 Qxe6 30. Re1 Qg8 31. Ng5 Nf7 32. Ne6 Re7 33. Bg2 Rce8 34. Bxd5 Kh7 35. Re3 Nd8 36. Ng5+ Kh8 37. Bxg8 Rxe3 38.
fxe3 Kxg8 39. h7+ Kg7 40. d5 Nf7 41. Qd4+ Kh6 42. Nxf7+ Kxh7 43. Qh4+ Kg7 44. Nd6 Rxe3 45. Qd4+ 1-0

[Event "Early-Titled-Tuesday-Blitz-February-27-2024"]
[Site "Chess.com"]
[Date "2024.02.27"]
[Round "7"]
[White "Rodalquilar"]
[Black "FARIZA2018"]
[Result "1-0"]
[WhiteElo "2790"]
[BlackElo "2592"]
[TimeControl "180+1"]
[EndTime "9:16:59 PST"]
[Termination "Rodalquilar won on time"]

1. d4 Nf6 2. Nf3 d5 3. Bf4 c5 4. e3 Nc6 5. c3 Qb6 6. Qc2 g6 7. h3 Bf5 8. dxc5 Qxc5 9. Qb3 Na5 10. Qb5+ Qxb5 11. Bxb5+ Bd7 12. a4 Nc4 13. Nbd2 Nxd2 14. Kxd2 Bg7 15. Rhd1 O-O 16. Ke2 e6 17. Ne5 Bxb5+ 18.
axb5 Ne4 19. f3 Nc5 20. b4 Bxe5 21. Bxe5 Nd7 22. Bd4 b6 23. e4 dxe4 24. fxe4 e5 25. Be3 Nf6 26. Kf3 Rfc8 27. Rd6 Ne8 28. Rc6 Rd8 29. c4 f5 30. exf5 gxf5 31. g4 f4 32.
Bf2 Kf7 33. Ke4 Rd2 34. Bh4 Re2+ 35. Kf5 Ng7+ 36. Kg5 Ne6+ 37. Kh6 f3 38. Rd1 Nf8 39. Rc7+ Kg8 40. Rg7+ Kh8 41. Bf6 1-0

[Event "Early-Titled-Tuesday-Blitz-February-27-2024"]
[Site "Chess.com"]
[Date "2024.02.27"]
[Round "7"]
[White "OneTrickPony_82"]
[Black "Chesstiger64"]
[Result "1/2-1/2"]
[WhiteElo "2543"]
[BlackElo "2364"]
[TimeControl "180+1"]
[EndTime "9:16:59 PST"]
[Termination "Game drawn by repetition"]

1. d4 d6 2. e4 g6 3. Nf3 Bg7 4.
Be3 Nd7 5. Nc3 a6 6. Qd2 b5 7.
Bd3 Bb7 8. h4 c5 9. h5 cxd4 10.
Nxd4 Ngf6 11. h6 Bf8 12. a3 Ng4 13. Bg5 Qb6 14. Be2 Nge5 15. Be3 Qc7 16. O-O-O e6 17. f4 Nc4 18. Bxc4 bxc4 19. f5 e5 20. Nf3 Nf6 21.
Bg5 Be7 22. Bxf6 Bxf6 23. g4 gxf5 24. gxf5 O-O-O 25. Nd5 Bxd5 26. Qxd5 Kb8 27. Rh3 Rhg8 28. Kb1 Qb7 29. Nd2 Qxd5 30. exd5 Rc8 31. Rc3 e4 32. Rxc4 e3 33. Rb4+ Ka7 34. Ne4 Be5 35. Re1 Rg2 36. Rxe3 Rgxc2 37. Reb3 Re2 38. Ng5 Rc7 39. Ka2 Rh2 40.
Nf3 Rxh6 41. Nxe5 dxe5 42. Re3 f6 43. d6 Rd7 44. Rc3 Rh2 45. Rbc4 Rb7 46. Rc7 Rxb2+ 47. Ka1 Rb1+ 48. Ka2 Rb2+ 49. Ka1 Rb1+ 50. Ka2 Rb2+ 1/2-1/2

[Event "Early-Titled-Tuesday-Blitz-February-27-2024"]
[Site "Chess.com"]
[Date "2024.02.27"]
[Round "7"]
[White "baki83"]
[Black "kidagent"]
[Result "1/2-1/2"]
[WhiteElo "2812"]
[BlackElo "2353"]
[TimeControl "180+1"]
[EndTime "9:17:00 PST"]
[Termination "Game drawn - insufficient material"]

1. e4 c6 2. d4 d5 3. e5 Bf5 4.
Nf3 e6 5. Be2 c5 6. O-O cxd4 7.
Nxd4 Ne7 8. c4 Nbc6 9. Nxf5 Nxf5 10. cxd5 Qxd5 11. Qxd5 exd5 12. Nc3 O-O-O 13. Bg4 g6 14. Bg5 Rd7 15. Bf6 Rg8 16. Rfd1 d4 17. Ne4 h5 18.
Bh3 Kc7 19. Ng3 Bc5 20. Nxf5 gxf5 21. Bxf5 Rd5 22. Be4 Rd7 23. Rac1 Kb6 24. a3 a5 25. Rd3 a4 26. b4 Be7 27. Bxc6 bxc6 28. Bxe7 Rxe7 29.
f4 Rd7 30. Rc4 Rgd8 31. Kf2 Kb5 32. Rc5+ Kb6 33. Kf3 Rd5 34. Rc4 Kb5 35. Rc1 Rg8 36. g3 f5 37. exf6 Rf8 38. Rd2 Rxf6 39. Rdc2 Re6 40.
Rc5+ Rxc5 41. Rxc5+ Kb6 42. f5 Re3+ 43. Kf4 Rxa3 44. f6 Ra1 45. Ke4 Rf1 46. Rxh5 Rxf6 47. Kxd4 Rf2 48. h4 a3 49. Ra5 a2 50. h5 Rh2 51. Kc4 Rxh5 52. Rxa2 Rg5 53. Rg2 Rg4+ 54. Kd3 Kb5 55. Ke3 Kxb4 56. Kf3 Rg8 57. g4 c5 58. Ke4 c4 59. g5 c3 60. Kf5 Kb3 61. g6 c2 62. Rxc2 Kxc2 63. Kf6 Rxg6+ 64. Kxg6 1/2-1/2

[Event "Early-Titled-Tuesday-Blitz-February-27-2024"]
[Site "Chess.com"]
[Date "2024.02.27"]
[Round "7"]
[White "ansko1999"]
[Black "Janosik"]
[Result "0-1"]
[WhiteElo "2733"]
[BlackElo "2868"]
[TimeControl "180+1"]
[EndTime "9:17:01 PST"]
[Termination "Janosik won on time"]

1. Nf3 d5 2. e3 c6 3. b3 Nf6 4.
Bb2 Bf5 5. Be2 h6 6. O-O e6 7. c4 Be7 8. Nc3 O-O 9. Rc1 Nbd7 10. a3 a5 11. h3 Re8 12. d3 Bh7 13. Re1 Bf8 14.
Qd2 Nc5 15. Qd1 dxc4 16. bxc4 Nxd3 17. Bxd3 Qxd3 18. Qb3 a4 19. Qb6 Qxc4 20. Qxb7 Qb3 21. Qxb3 axb3 22. a4 Bb4 23. Nd4 c5 24. Nxb3 Reb8 25.
Nd2 Nd5 26. Red1 Nxc3 27. Bxc3 Rxa4 28. e4 f6 29. Bxb4 cxb4 30. Rc7 Bg6 31. Nb3 Be8 32. Nc5 Ra2 33. Nxe6 b3 34. Rxg7+ Kh8 35. Re7 b2 36. Kh2 Bg6 37. Rdd7 b1=Q 38. Nf4 Qxe4 39. Rxe4 Bxe4 40.
Re7 Bh7 41. Nh5 Ra6 42. Ng7 Rg8 43. Ne8 Rc6 44. f4 Bg6 45. Nc7 Rg7 0-1

[Event "Early-Titled-Tuesday-Blitz-February-27-2024"]
[Site "Chess.com"]
[Date "2024.02.27"]
[Round "7"]
[White "Matols"]
[Black "SashaKuzhilniy"]
[Result "0-1"]
[WhiteElo "2403"]
[BlackElo "2612"]
[TimeControl "180+1"]
[EndTime "9:17:01 PST"]
[Termination "SashaKuzhilniy won on time"]

1. d4 g6 2. c4 Bg7 3. g3 d6 4.
Bg2 Nf6 5. Nf3 O-O 6. O-O c6 7.
Nc3 Bf5 8. Ne1 e5 9. e4 Bg4 10. f3 Be6 11. d5 Bc8 12. Nd3 c5 13. f4 Nfd7 14. f5 f6 15. g4 g5 16. Be3 Na6 17.
h4 h6 18. Qf3 Nc7 19. a4 Kf7 20.
Kf2 Rh8 21. Rh1 b6 22. hxg5 hxg5 23. Rxh8 Bxh8 24. Rh1 Bg7 25. Qh3 Nf8 26. Qh5+ Kg8 27. b3 Bd7 28. Nb5 Nxb5 29. axb5 a6 30. bxa6 Rxa6 31.
Kg3 Ra3 32. Rb1 Qa8 33. Qh1 Qa5 34. Qc1 b5 35. Bd2 b4 36. Bxg5 fxg5 37. Qxg5 Nh7 38.
Qg6 Qc7 39. g5 Qd8 40. f6 Nxf6 41. gxf6 Qxf6 42. Qxf6 Bxf6 43. Bh3 Ba4 44. Be6+ Kg7 45.
bxa4 Rxd3+ 46. Kg4 Ra3 47. Bd7 Bd8 48. Kf5 Kf7 49.
Rh1 Rf3+ 50. Kg4 Rf4+ 51. Kg3 Rxe4 52. Be6+ Kg6 0-1

[Event "Early-Titled-Tuesday-Blitz-February-27-2024"]
[Site "Chess.com"]
[Date "2024.02.27"]
[Round "7"]
[White "Shield12"]
[Black "GMAkobianSTL"]
[Result "1-0"]
[WhiteElo "2983"]
[BlackElo "2823"]
[TimeControl "180+1"]
[EndTime "9:17:02 PST"]
[Termination "Shield12 won by resignation"]

1. e4 e6 2. d4 d5 3. e5 c5 4. c3 Qb6 5. Nf3 Nc6 6. Be2 cxd4 7. cxd4 Nge7 8. Na3 Nf5 9. Nc2 Bb4+ 10. Kf1 Be7 11.
h4 h5 12. g3 Bd7 13. Kg2 Rc8 14. Rb1 Nb4 15. Nxb4 Qxb4 16. a3 Qb6 17. a4 Rc7 18.
Bf4 O-O 19. Bd3 Rfc8 20. Bg5 Bxg5 21. hxg5 g6 22. Bxf5 exf5 23. b3 Rc2 24. Ne1 R2c3 25. Rh4 a5 26. Nd3 R3c7 27. Nf4 Kf8 28. Rh1 Be6 29.
Rb2 Rc1 30. Qd2 Rxh1 31. Kxh1 Qc7 32. Kg2 b6 33. b4 Ra8 34. Rc2 Qd8 35. Rc6 Qe8 36.
Rxb6 Qxa4 37. Nxe6+ fxe6 38. bxa5 Qxa5 39. Qxa5 Rxa5 40.
Rxe6 Kf7 41. Rf6+ Kg7 42. Rd6 Kf7 43. Kf3 Rb5 44. Ke3 Ra5 45. Kf4 Rb5 46. Rf6+ Kg7 47. e6 Rb4 48. Ke5 Rb2 49. Rf7+ Kg8 50. Kf6 Rxf2 51.
Rd7 f4 52. Kxg6 fxg3 53. Rd8+ Rf8 54. e7 1-0

[Event "Early-Titled-Tuesday-Blitz-February-27-2024"]
[Site "Chess.com"]
[Date "2024.02.27"]
[Round "7"]
[White "Preobrazhenska_D2011"]
[Black "Fjal"]
[Result "1-0"]
[WhiteElo "2432"]
[BlackElo "2245"]
[TimeControl "180+1"]
[EndTime "9:17:02 PST"]
[Termination "Preobrazhenska_D2011 won on time"]

1. e4 d6 2. d4 Nf6 3. Nc3 g6 4. Nf3 Bg7 5. Bg5 O-O 6. Qd2 Nbd7 7. e5 Ne8 8. O-O-O f6 9. Bc4+ Kh8 10. Bh6 fxe5 11.
Ng5 Bxh6 12. Nf7+ Rxf7 13. Qxh6 Rg7 14. Ne4 Ndf6 15. Ng5 Ng4 16. Qh4 e4 17. Nf7+ Rxf7 18. Bxf7 Kg7 19. h3 Ngf6 20. Bb3 a5 21. g4 a4 22. Bc4 d5 23. Be2 Nd6 24. g5 Ng8 25. Qf4 a3 26. Qe5+ Kf8 27. b3 Nf7 28.
Qg3 Qd6 29. Qh4 Kg7 30. f4 exf3 31. Bxf3 c6 32. Rhf1 e5 33. Bg4 exd4 34. Rxd4 Qe5 35. Rdf4 Qb2+ 36. Kd2 Ne5 37. Qg3 Bxg4 38. hxg4 Rd8 39.
Qe3 Ne7 40. Rf7+ Nxf7 41. Qxe7 1-0

[Event "Early-Titled-Tuesday-Blitz-February-27-2024"]
[Site "Chess.com"]
[Date "2024.02.27"]
[Round "7"]
[White "GMKrikor"]
[Black "Kildepiotr"]
[Result "0-1"]
[WhiteElo "2905"]
[BlackElo "2686"]
[TimeControl "180+1"]
[EndTime "9:17:03 PST"]
[Termination "Kildepiotr won on time"]

1. Nf3 d5 2. c4 e6 3. d4 Nf6 4.
Nc3 Bb4 5. cxd5 exd5 6. Bf4 c6 7. e3 Bf5 8. Qb3 Qb6 9. Be2 Nbd7 10. O-O Be7 11. Nd2 O-O 12. h3 Rfe8 13. a3 a5 14. Na4 Qxb3 15. Nxb3 b5 16. Nc3 Bc2 17. Nd2 b4 18.
Nd1 Nb6 19. Rc1 b3 20. Nc3 a4 21. Bc7 Nfd7 22. Nf3 Rec8 23. Bg3 f6 24. Ne1 Bf5 25.
f3 c5 26. dxc5 Nxc5 27. Bf2 Be6 28. Rd1 Nc4 29. Bxc4 dxc4 30. e4 Rd8 31. Be3 Rxd1 32. Nxd1 Rd8 33. Nc3 f5 34. e5 Nd3 35. Nxd3 Rxd3 36.
Kf2 Bxa3 37. Nxa4 Bb4 38. Rc1 Kf7 39. f4 Ke8 40. Ke2 Bd5 41. g3 Be6 42. Nb6 Rxe3+ 43. Kxe3 Bc5+ 44. Ke2 Bxb6 45. Ra1 Bd4 46. Ra8+ Ke7 47.
Ra7+ Bxa7 0-1

[Event "Early-Titled-Tuesday-Blitz-February-27-2024"]
[Site "Chess.com"]
[Date "2024.02.27"]
[Round "7"]
[White "falzehope0"]
[Black "Chess_Gainz"]
[Result "0-1"]
[WhiteElo "2342"]
[BlackElo "2523"]
[TimeControl "180+1"]
[EndTime "9:17:04 PST"]
[Termination "Chess_Gainz won by resignation"]

1. d4 d6 2. e3 g6 3. Bd3 Bg7 4. f4 Nf6 5. Nf3 O-O 6. O-O c5 7.
dxc5 dxc5 8. c3 Nc6 9. Qc2 e5 10. Na3 e4 11. Bxe4 Nxe4 12. Qxe4 Bf5 13. Qc4 Bd3 14.
Qxc5 Bxf1 15. Kxf1 Qd1+ 16. Ne1 Rfe8 17. Nc2 Rac8 18.
Qb5 a6 19. Qe2 Qd5 20. Qf3 Qb5+ 21. Qe2 Qf5 22. Bd2 Na5 23. Rd1 Nc4 24. Bc1 b5 25. Nd4 Qb1 26. b3 Nb6 27. Ba3 Qe4 28. Rd3 Nd5 29.
Qf3 Nxe3+ 30. Kg1 Bxd4 31. Qxe4 Rxe4 32. cxd4 Nd5 33. Nf3 Nxf4 34. Rd1 Re2 35. Rd2 Rxd2 36. Nxd2 Rc2 37. Bb4 Nd5 38. Ba5 Rxa2 39. Ne4 Rxa5 40.
Kf2 Ra2+ 41. Kf3 f5 42. Nc5 Kg7 43. h3 Kf6 44. g4 fxg4+ 45. hxg4 a5 46. Ke4 Ne7 47. d5 Re2+ 48. Kd4 Rd2+ 49. Nd3 Rxd3+ 50. Kxd3 Ke5 51. d6 Kxd6 52. Kd4 Nc6+ 53. Ke4 Ne5 54. Kf4 Nxg4 55. Kg5 Kc5 56. Kxg4 Kb4 57. Kf4 Kxb3 58. Kg5 a4 59. Kh6 a3 60. Kxh7 a2 61. Kxg6 a1=Q 62. Kg5 Qd4 63. Kf5 Kc3 64. Ke6 Kc4 65.
Kf7 Qe5 66. Kg6 Qf4 67. Kg7 Qf5 68. Kh6 Qg4 69. Kh7 Kd5 70. Kh6 Ke6 71. Kh7 Kf7 0-1

[Event "Early-Titled-Tuesday-Blitz-February-27-2024"]
[Site "Chess.com"]
[Date "2024.02.27"]
[Round "7"]
[White "Jumbo"]
[Black "Hikaru"]
[Result "0-1"]
[WhiteElo "2892"]
[BlackElo "3238"]
[TimeControl "180+1"]
[EndTime "9:17:05 PST"]
[Termination "Hikaru won on time"]

1. d4 g6 2. e4 Bg7 3. Nc3 d6 4. Be3 a6 5. Nf3 b5 6. a4 b4 7. Ne2 Nd7 8. Ng3 c5 9. c3 bxc3 10. bxc3 Qa5 11. Bd2 Ngf6 12. Bd3 O-O 13. O-O Qc7 14.
Qc1 a5 15. Re1 e6 16. Bh6 Ba6 17. Bxa6 Rxa6 18. Bxg7 Kxg7 19. e5 Nd5 20. Qg5 h6 21. Qg4 cxd4 22. cxd4 dxe5 23. dxe5 Rc6 24. h4 Rc4 25.
Re4 Nxe5 26. Nh5+ Kh8 27. Rxc4 Qxc4 28. Nxe5 Qxg4 29. Nxg4 gxh5 30. Ne5 Kg7 31. Rc1 Rb8 32. Rc5 Rb1+ 33. Kh2 Rb4 34. Rxa5 Rxh4+ 35. Kg1 Re4 36.
Nc6 Nc3 37. Rxh5 Rxa4 38. Rh3 Ne4 39. f3 Ra1+ 40. Kh2 Nf2 41. Rh4 Nd3 42. Rd4 Ra3 43. Rd7 Kf6 44. Kg3 Rc3 45. Rd6 Nc5 46. Kh2 h5 47.
Nd4 Rd3 0-1

[Event "Early-Titled-Tuesday-Blitz-February-27-2024"]
[Site "Chess.com"]
[Date "2024.02.27"]
[Round "7"]
[White "Evgeny81"]
[Black "deribas12345"]
[Result "1-0"]
[WhiteElo "2769"]
[BlackElo "2580"]
[TimeControl "180+1"]
[EndTime "9:17:05 PST"]
[Termination "Evgeny81 won on time"]

1. e4 e6 2. d4 d5 3. Nd2 c5 4. exd5 exd5 5. Ngf3 c4 6. b3 cxb3 7. axb3 Bd6 8. Bd3 Ne7 9. O-O O-O 10. c4 Nbc6 11.
Re1 Bf5 12. Nf1 Bb4 13. Re2 dxc4 14. Bxc4 Nd5 15. Bd2 Nc3 16. Bxc3 Bxc3 17. Rc1 Bb4 18. d5 Na5 19. Ne3 Bg6 20. Qd4 b5 21. Bxb5 Nxb3 22.
Qxb4 Nxc1 23. Rd2 Rb8 24. Qa4 Qb6 25. Bf1 Nb3 26. Rb2 Qa5 27. Qxa5 Nxa5 28. Ra2 Nb7 29. Rxa7 Nd6 30. h4 Rfe8 31. Kh2 Rb1 32. Ra6 Ne4 33. d6 Nxf2 34. d7 Rd8 35. Ne5 Rb7 36. Rc6 f6 37.
Bc4+ Kf8 38. Rc8 Rxd7 39. Nxd7+ Ke7 40. Rxd8 Kxd8 41. Nf8 Be4 42. Ne6+ Kd7 43. Nxg7 Kd6 44. Kg3 Nh1+ 45. Kf4 Bb1 46. Ng4 Kc5 47. Bg8 h5 48. Nxf6 Nf2 49. Ngxh5 Nd3+ 50. Ke3 Ne5 51. Bh7 Ng4+ 52.
Kf4 1-0